 Dungeon Crawl Stone Soup version 0.25-a0-591-g2ad0d861f1 (webtiles) character file.

Game seed: 16670233954105073114, levelgen mode: deterministic

70 Gargoyl the Skirmisher (level 4, 0/38 HPs)
             Began as a Centaur Abyssal Knight on Mar 14, 2020.
             Was a Follower of Lugonu.
             Succumbed to Terence's poison
             ... on level 2 of the Dungeon.
             The game lasted 00:02:41 (1877 turns).

Gargoyl the Skirmisher (Centaur Abyssal Knight)     Turns: 1877, Time: 00:02:42

Health: 0/38       AC:  9    Str: 14    XL:     4   Next: 3%
Magic:  5/5        EV:  8    Int: 11    God:    Lugonu [*.....]
Gold:   131        SH:  0    Dex: 10    Spells: 3/3 levels left

rFire    + . .     SeeInvis .   f - +1 war axe (curse)
rCold    + . .     Gourm    .   (no shield)
rNeg     . . .     Faith    .   j - +0 ring mail
rPois    +         Spirit   .   k - +2 hat
rElec    +         Reflect  .   (no cloak)
rCorr    +         Harm     .   d - +0 pair of gloves
MR       .....                  (no barding)
Stlth    ..........             (no amulet)
HPRegen  0.12/turn              (no ring)
MPRegen  0.09/turn              (no ring)

@: lethally poisoned (0 -> -2), resistant, berserk cooldown, slowed
A: large, hooves 3, deformed body, speed 2, tough skin 3
a: Depart the Abyss, Renounce Religion


You were on level 2 of the Dungeon.
You worshipped Lugonu.
Lugonu was aware of your devotion.
You were not hungry.

You visited 1 branch of the dungeon, and saw 2 of its levels.
You visited the Abyss 1 time.

You collected 131 gold pieces.

Inventory:

Hand Weapons
 a - a +1 hand axe
 f - a cursed +1 war axe (weapon)
Armour
 d - a +0 pair of gloves (worn)
 j - a +0 ring mail (worn)
 k - a +2 hat (worn)
Wands
 e - a wand of scattershot (4)
Scrolls
 i - a scroll of identify
Comestibles
 b - 2 chunks of flesh
 c - 3 rations


   Skills:
 + Level 3.4 Fighting
 + Level 2.3 Axes
 * Level 2.1 Armour
 * Level 1.2 Dodging
 * Level 2.4 Invocations


You had 3 spell levels left.
You didn't know any spells.
Your spell library contained the following spells:

 Spells                   Type           Power        Failure   Level  Hunger
 Summon Small Mammal      Summ           #...         56%         1    ##.....
 Call Imp                 Summ           #.......     71%         2    ###....
 Call Canine Familiar     Summ           #.......     91%         3    ####...
 Summon Guardian Golem    Hex/Summ       #.......     91%         3    ####...
 Summon Ice Beast         Ice/Summ       #.......     100%        4    #####..
 Summon Lightning Spire   Summ/Air       #.......     100%        4    #####..


Dungeon Overview and Level Annotations

Branches:
Dungeon (2/15)

Altars:
Gozag
Nemelex Xobeh


Innate Abilities, Weirdness & Mutations

You have hooves in place of feet.
Armour fits poorly on your strangely shaped body.
You cover ground very quickly.
You have extremely tough skin. (AC +3)


Message History

* * * LOW HITPOINT WARNING * * *
You feel sick.
* * * LOW HITPOINT WARNING * * *
You feel sick.
* * * LOW HITPOINT WARNING * * *
You feel sick.
* * * LOW HITPOINT WARNING * * *
You feel sick.
* * * LOW HITPOINT WARNING * * *
You feel sick.
* * * LOW HITPOINT WARNING * * *
You feel sick.
* * * LOW HITPOINT WARNING * * *
You feel sick.
* * * LOW HITPOINT WARNING * * *
You feel sick.
You slash the bush! You kick the bush.
The bush is lightly damaged.
You hit the plant but do no damage.
You die...

##..♣PP.##.......#
##..P♣PP##..PP.##.###
####.##.......♣P......)####
......#..##.PP♣♣♣P...?....#
.####..####..PP♣P♣.....##.#
.####..# ###.......)..##.#
.......# ###[.......##.#
.##.#..# ##....P..###.#
.##.#..♣#♣## #..@♣♣PP.###.#
.....♣.....♣...P.P♣♣P.....#
.##.#..♣.♣......P♣♣.P######
.##.♣.♣...♣.♣..#..P.#
........♣......###.##
.##.♣.♣...♣.♣..# #...
(##....♣.♣....####.)#
.##..♣...[.♣### #...####
.###.#.♣#♣## ###......# #


There were no monsters in sight!

Vanquished Creatures
  Terence (D:2)
  An adder (D:2)
  2 oozes (D:1)
  2 dart slugs (D:1)
  A giant cockroach (D:2)
  3 goblins (D:1)
  A hobgoblin (D:1)
  4 jackals (D:2)
  6 kobolds
  2 bats (D:1)
  A frilled lizard (D:1)
24 creatures vanquished.

Notes
Turn   | Place    | Note
-------+----------+-------------------------------------------
     0 | Abyss:1  | Gargoyl the Centaur Abyssal Knight began the quest for the
                  | Orb.
     0 | Abyss:1  | Reached XP level 1. HP: 19/19 MP: 2/2
   103 | Abyss:2  | Found a corrupted altar of Lugonu.
   118 | Abyss:2  | Noticed a tentacled starspawn
   120 | Abyss:2  | Found a corrupted altar of Lugonu.
   130 | Abyss:2  | Noticed a neqoxec
   135 | Abyss:2  | Noticed a spatial maelstrom
   142 | D:1      | Escaped the Abyss
   474 | D:1      | Found a sparkling altar of Nemelex Xobeh.
   550 | D:1      | Reached XP level 2. HP: 22/26 MP: 3/3
   656 | D:1      | Reached skill level 1 in Dodging
   934 | D:1      | Reached * piety under Lugonu
  1122 | D:1      | Reached XP level 3. HP: 31/31 MP: 4/4
  1128 | D:1      | You fall into a shaft and drop 1 floor!
  1148 | D:2      | Found an opulent altar of Gozag.
  1835 | D:2      | Noticed Terence
  1849 | D:2      | Killed Terence
  1849 | D:2      | Reached XP level 4. HP: 29/38 MP: 5/5
  1872 | D:2      | HP: 1/38 [poisoned by Terence]
  1877 | D:2      | Succumbed to Terence's poison

Levels and vault maps discovered:
D:1:      minmay_arrival_loop, layout_loops_cross, kennysheep_another_room,
          nemelex_xobeh_ov_fountains_minmay
D:2:      layout_loops_cross, lemuel_doored_altar, nicolae_gozag_seed_capital,
          first_ration, serial_forest, infiniplex_forest_lined_3,
          infiniplex_forest_lined_ring, infiniplex_forest_clump_double,
          infiniplex_forest_clump_small, infiniplex_forest_end_3,
          infiniplex_forest_end_1, uniq_terence, uniq_sigmund

Skill      XL: |  1  2  3 |
---------------+----------+-----
Dodging        | 1 |  1.2
Axes           | 2 |  2.3
Armour         | 2 |  2.1
Fighting       | |  3.4
Invocations    | |  2.4

Action                   |  1- 3 |  4- 6 || total
-------------------------+-------+-------++-------
Melee: War axe           |    79 |     1 ||    80
       Kick              |    10 |     1 ||    11
Invok: Depart the Abyss  |     1 |       ||     1
  Use: Scroll            |     3 |       ||     3
       Potion            |     1 |     1 ||     2
  Eat: Ration            |     1 |       ||     1
Armor: Leather armour    |    32 |       ||    32
       Ring mail         |    15 |       ||    15
Dodge: Dodged            |    43 |       ||    43

Table legend:
 A = Non-vault XP
 B = Vault XP
 C = Vault XP percentage of total XP
 D = Non-vault monster count
 E = Vault monster count
 F = Vault count percentage of total count
                 A         B        C        D         E       F
            +---------+---------+-------+---------+---------+-------
      Total |      68 |      32 |  32.0 |      23 |       1 |   4.2
            +---------+---------+-------+---------+---------+-------
        D:1 |      42 |       0 |   0.0 |      16 |       0 |   0.0
        D:2 |      26 |      32 |  55.2 |       7 |       1 |  12.5
            +---------+---------+-------+---------+---------+-------
